 Dungeon Crawl Stone Soup version 0.31.0-11-ge490571c62 (webtiles) character file.

Game seed: 10995467287437265205

97 thiscave3701365 the Grasshopper (level 4, -1/38 HPs)
             Began as a Gnoll Warper on Feb 8, 2024.
             Slain by a goblin
             ... wielding a +0 dagger
             ... led by Robin
              (2 damage)
             ... on level 2 of the Dungeon.
             The game lasted 00:02:23 (1449 turns).

thiscave3701365 the Grasshopper (Gnoll Warper)      Turns: 1449, Time: 00:02:24

Health: -1/38      AC:  5    Str: 13    XL:     4   Next: 68%
Magic:  11/11      EV: 11    Int: 12    God:
Gold:   112        SH:  0    Dex: 11    Spells: 13/13 levels left

rFire   . . .        a - +0 hand axe
rCold   . . .        (no shield)
rNeg    . . .        h - +0 ring mail
rPois   .            (no helmet)
rElec   .            (no cloak)
rCorr   .            (no gloves)
SInv    .            (no boots)
Will    .....        (no amulet)
Stlth   +            (no ring)
HPRegen 0.26/turn    (no ring)
MPRegen 0.12/turn

%: no passive effects
@: lethally poisoned (-1 -> -5)
A: fangs 1, strong nose, distributed training
a: no special abilities


You were on level 2 of the Dungeon.
You visited 1 branch of the dungeon, and saw 2 of its levels.

You collected 112 gold pieces.

Inventory:

Hand Weapons
 a - a +0 hand axe (weapon)
Missiles
 d - 7 darts of dispersal (quivered)
 n - 4 poisoned darts
Armour
 h - a +0 ring mail (worn)
Magical Staves
 b - a staff of cold
Jewellery
 l - a ring of protection from fire
Scrolls
 c - 3 scrolls of blinking
 e - 5 scrolls of identify {unknown}
 i - a scroll of teleportation {unknown}
Potions
 f - 2 potions of mutation {unknown}
 g - a potion of cancellation {unknown}
 j - a potion of ambrosia {unknown}
 k - a potion of brilliance {unknown}
 m - a potion of haste {unknown}


   Skills:
 + Level 4.7 Fighting
 + Level 1.2 Short Blades
 + Level 1.2 Long Blades
 + Level 4.7 Axes
 + Level 1.2 Maces & Flails
 + Level 1.2 Polearms
 + Level 1.2 Staves
 + Level 1.2 Ranged Weapons
 + Level 2.8 Throwing
 + Level 2.8 Armour
 + Level 4.7 Dodging
 + Level 1.2 Stealth
 + Level 1.2 Shields
 + Level 1.2 Unarmed Combat
 + Level 5.1 Spellcasting
 + Level 1.0 Conjurations
 + Level 1.0 Hexes
 + Level 1.0 Summonings
 + Level 1.0 Necromancy
 + Level 5.5 Translocations
 + Level 1.0 Fire Magic
 + Level 1.0 Ice Magic
 + Level 1.0 Air Magic
 + Level 1.0 Earth Magic
 + Level 1.0 Alchemy
 + Level 1.4 Invocations
 + Level 1.2 Evocations
 + Level 1.1 Shapeshifting


You had 13 spell levels left.
You didn't know any spells.
Your spell library contained the following spells:

 Spells                   Type           Power      Damage    Failure   Level
 Blink                    Tloc           32%        N/A       6%          2
 Lesser Beckoning         Tloc           32%        N/A       6%          2
 Teleport Other           Tloc           16%        N/A       13%         3
 Kiss of Death            Conj/Necr      20%        2d7       26%         1
 Manifold Assault         Tloc           16%        N/A       38%         4
 Confusing Touch          Hex            5%         N/A       61%         3
 Vhi's Electric Charge    Tloc/Air       20%        N/A       71%         4
 Brom's Barrelling Bould  Conj/Erth      5%         2d3       95%         4
 Dispel Undead            Necr           5%         3d7       95%         4
 Ignite Poison            Fire/Alch      5%         N/A       95%         4
 Sticky Flame             Fire/Alch      5%         2d4       95%         4
 Fireball                 Conj/Fire      2%         3d4       100%        5
 Iskenderun's Battlesphe  Conj           5%         2d6       100%        5
 Conjure Ball Lightning   Conj/Air       2%         3x3d6     100%        6
 Orb of Destruction       Conj           2%         9d5       100%        7
 Ignition                 Fire           2%         3d3       100%        8


Dungeon Overview and Level Annotations

Branches:
Dungeon (2/15)

Altars:

Annotations:
D:2 Robin


Innate Abilities, Weirdness & Mutations

You have very sharp teeth.
Your uncanny sense of smell can sniff out nearby items.
Your experience applies equally to all skills.


Message History

The goblin no longer looks unusually strong.
The goblin completely misses you. The adder closely misses you.
Robin roars a battlecry!
The goblins go into a battle-frenzy!
The goblin hits you with a +0 dagger.
You hit the adder.
The adder is almost dead.
You hit the goblin.
You feel sick.
The goblin no longer looks unusually strong.
The adder bites you but does no damage. The adder closely misses you.
Robin roars a battlecry!
The goblin goes into a battle-frenzy!
The goblin hits you but does no damage.
You hit the adder.
You kill the adder!
You barely miss the goblin.
You feel sick.
The goblin no longer looks unusually strong.
The goblin hits you with a +0 dagger.
* * * LOW HITPOINT WARNING * * *
Unknown command.
You slash the goblin!
You kill the goblin!
You barely miss the goblin.
You feel sick.
You are no longer poisoned.
The hobgoblin no longer looks unusually strong.
The goblin hits you with a +0 dagger.
* * * LOW HITPOINT WARNING * * *
Robin hits you with a +1 whip of venom.
* * * LOW HITPOINT WARNING * * *
You are lethally poisoned!
Items here: ))) ††.
Unknown command.
You are too injured to fight recklessly!
You hit Robin but do no damage. You hit the goblin.
* * * LOW HITPOINT WARNING * * *
You feel sick.
Robin roars a battlecry!
The goblins go into a battle-frenzy!
The goblin hits you with a +0 dagger.
You die...

.......# #.#
##.....
#...##.# #.#
....#.
#.###..#
#.####.###.#
....#..#
#..........#
###....#
######.#####
.......# #.#
....## #)#
....# #g#
....#####
#@# ∆
........#
#g#
........#


gg# ###)....# ..g. ## .....# ..... # .# ###### #...... .. # .## ###.... #.####
..#### ##.#.. #.)... #....### . ####.. You could see Robin, 2 hobgoblins and 2
goblins.

Vanquished Creatures
  6 adders (D:2)
  A ribbon worm (D:2)
  6 bats
  2 endoplasms (D:1)
  12 goblins
  4 hobgoblins
  4 ball pythons
  4 frilled lizards
  2 kobolds (D:2)
  2 rats (D:1)
43 creatures vanquished.

Notes
Turn   | Place    | Note
-------+----------+-------------------------------------------
     0 | D:1      | thiscave3701365 the Gnoll Warper began the quest for the
                  | Orb.
     0 | D:1      | Reached XP level 1. HP: 20/20 MP: 6/6
   248 | D:1      | Reached XP level 2. HP: 22/26 MP: 7/7
  1039 | D:2      | Reached skill level 5 in Spellcasting
  1039 | D:2      | Reached XP level 3. HP: 29/31 MP: 7/9
  1101 | D:2      | Reached skill level 1 in Invocations
  1108 | D:2      | Reached skill level 1 in Short Blades
  1108 | D:2      | Reached skill level 1 in Long Blades
  1108 | D:2      | Reached skill level 1 in Maces & Flails
  1108 | D:2      | Reached skill level 1 in Polearms
  1108 | D:2      | Reached skill level 1 in Staves
  1108 | D:2      | Reached skill level 1 in Ranged Weapons
  1108 | D:2      | Reached skill level 1 in Stealth
  1108 | D:2      | Reached skill level 1 in Shields
  1108 | D:2      | Reached skill level 1 in Unarmed Combat
  1108 | D:2      | Reached skill level 1 in Evocations
  1202 | D:2      | Reached skill level 1 in Shapeshifting
  1202 | D:2      | Reached XP level 4. HP: 38/38 MP: 11/11
  1384 | D:2      | Reached skill level 1 in Conjurations
  1384 | D:2      | Reached skill level 1 in Hexes
  1384 | D:2      | Reached skill level 1 in Summonings
  1384 | D:2      | Reached skill level 1 in Necromancy
  1384 | D:2      | Reached skill level 1 in Fire Magic
  1384 | D:2      | Reached skill level 1 in Ice Magic
  1384 | D:2      | Reached skill level 1 in Air Magic
  1384 | D:2      | Reached skill level 1 in Earth Magic
  1384 | D:2      | Reached skill level 1 in Alchemy
  1425 | D:2      | Noticed Robin
  1449 | D:2      | HP: 1/38 [poisoned by Robin]
  1449 | D:2      | Slain by a goblin

Illustrated notes

Levels and vault maps discovered:
D:1:      erik_arrival_triangle_medium, layout_loops_ring
D:2:      layout_basic, minmay_hexomino_r4, uniq_robin

Skill      XL: |  1  2  3  4 |
---------------+-------------+-----
Spellcasting   | 5 |  5.1
Invocations    | 1 |  1.4
Short Blades   | 1 |  1.2
Long Blades    | 1 |  1.2
Maces & Flails | 1 |  1.2
Polearms       | 1 |  1.2
Staves         | 1 |  1.2
Ranged Weapons | 1 |  1.2
Stealth        | 1 |  1.2
Shields        | 1 |  1.2
Unarmed Combat | 1 |  1.2
Evocations     | 1 |  1.2
Shapeshifting  | 1 |  1.1
Conjurations   | 1 |  1.0
Hexes          | 1 |  1.0
Summonings     | 1 |  1.0
Necromancy     | 1 |  1.0
Fire Magic     | 1 |  1.0
Ice Magic      | 1 |  1.0
Air Magic      | 1 |  1.0
Earth Magic    | 1 |  1.0
Alchemy        | 1 |  1.0
Fighting       | |  4.7
Axes           | |  4.7
Throwing       | |  2.8
Armour         | |  2.8
Dodging        | |  4.7
Translocations | |  5.5

Action                     |  1- 3 |  4- 6 || total
---------------------------+-------+-------++-------
  Melee: Hand axe          |    94 |    48 ||   142
         Bite              |     5 |     4 ||     9
         Punch             |     2 |     1 ||     3
 Armour: Leather armour    |    13 |       ||    13
         Ring mail         |    49 |    43 ||    92
  Dodge: Dodged            |    53 |    36 ||    89
